[Event "Guimaraes Open 2018"]
[Site "Guimaraes"]
[Date "2018.10.05"]
[Round "1"]
[White "Fernandes, Miguel Antonio"]
[Black "Duarte, Francisco Joaquim V"]
[Result "1-0"]
[ECO "D50"]
[WhiteElo "2048"]
[BlackElo "1235"]
[Annotator "NA RC"]
[PlyCount "75"]
[EventDate "2018.10.04"]
[EventType "swiss"]
[EventCountry "POR"]
[SourceTitle "playchess.com"]
[Source "ChessBase"]
[SourceQuality "1"]
[TimeControl "5400+30"]

1. d4 d5 2. c4 e6 3. Nc3 Nf6 4. Bg5 Bb4 5. Qa4+ Nc6 6. a3 Bxc3+ 7. bxc3 O-O 8. e3 Bd7 9. cxd5 exd5 10. Qc2 h6 11. Bh4 Re8 12. Bd3 Qe7 13. Nf3 Qd6 14. Bg3 Qe7 15. O-O Bg4 16. Nd2 Rac8 17. a4 a5 18. Rab1 Rb8 19. Rfe1 Qd7 20. h3 Be6 21. Bh4 Qd8 22. e4 dxe4 23. Nxe4 g5 24. Nxf6+ Qxf6 25. Bg3 Re7 26. Be4 Bd7 27. Bxc7 Rbe8 28. Bg3 Bf5 29. f3 Bxe4 30. fxe4 Qg6 31. Qf2 Rxe4 32. Rxe4 Rxe4 33. Rxb7 Re7 34. Rxe7 Nxe7 35. Qe2 Nd5 36. Qe8+ Kg7 37. Qe5+ Qf6 38. Qxd5 1-0

[Event "Guimaraes Open 2018"]
[Site "Guimaraes"]
[Date "2018.10.05"]
[Round "1"]
[White "Dong, Fabio"]
[Black "Fernandes, Joao Pedro Murtinho"]
[Result "0-1"]
[ECO "A25"]
[WhiteElo "1289"]
[BlackElo "2052"]
[Annotator "NA RC"]
[PlyCount "50"]
[EventDate "2018.10.04"]
[EventType "swiss"]
[EventCountry "POR"]
[SourceTitle "playchess.com"]
[Source "ChessBase"]
[SourceQuality "1"]
[TimeControl "5400+30"]

1. c4 e5 2. Nc3 Nc6 3. g3 Bc5 4. Bg2 a6 5. e3 d6 6. Nge2 Ba7 7. O-O h5 8. a3 h4 9. d4 hxg3 10. hxg3 Qg5 11. Re1 Qh5 12. dxe5 Qh2+ 13. Kf1 Bh3 14. Nf4 Bxg2+ 15. Nxg2 Nxe5 16. Qd5 O-O-O 17. b3 Nf6 18. Qd2 Qh1+ 19. Ke2 Qxg2 20. Qc2 Qf3+ 21. Kd2 Qxf2+ 22. Kd1 Qxc2+ 23. Kxc2 Rh2+ 24. Kb1 Rdh8 25. Bb2 Nd3 0-1

[Event "Guimaraes Open 2018"]
[Site "Guimaraes"]
[Date "2018.10.05"]
[Round "1"]
[White "Fernandes, Tiago Joao Carneiro"]
[Black "Pintor, Simao Maciel Abranc"]
[Result "0-1"]
[ECO "B92"]
[WhiteElo "1232"]
[BlackElo "2047"]
[Annotator "NA RC"]
[PlyCount "50"]
[EventDate "2018.10.04"]
[EventType "swiss"]
[EventCountry "POR"]
[SourceTitle "playchess.com"]
[Source "ChessBase"]
[SourceQuality "1"]
[TimeControl "5400+30"]

1. e4 c5 2. Nf3 d6 3. d4 cxd4 4. Nxd4 Nf6 5. Nc3 a6 6. Be2 e5 7. Nb3 Be7 8. f4 Qb6 9. Bf3 Nc6 10. g4 exf4 11. Bxf4 Ne5 12. g5 Nfg4 13. Qe2 Be6 14. Nd5 Bxd5 15. exd5 Nxf3+ 16. Qxf3 Ne5 17. Qg3 Qb4+ 18. Kf2 Rc8 19. Bxe5 Rxc2+ 20. Kg1 dxe5 21. Qxe5 O-O 22. Nd4 Qxb2 23. Qe1 Qxd4+ 24. Kf1 Qf4+ 25. Kg1 Bc5+ 0-1

[Event "Guimaraes Open 2018"]
[Site "Guimaraes"]
[Date "2018.10.05"]
[Round "2"]
[White "Dias, Ricardo Pedro Cruz"]
[Black "Oliveira, Maria Alice Ramos M"]
[Result "1-0"]
[ECO "B42"]
[WhiteElo "2098"]
[BlackElo "1572"]
[Annotator "NA RC"]
[PlyCount "93"]
[EventDate "2018.10.04"]
[EventType "swiss"]
[EventCountry "POR"]
[SourceTitle "playchess.com"]
[Source "ChessBase"]
[SourceQuality "1"]
[TimeControl "5400+30"]

1. e4 c5 2. Nf3 e6 3. d4 cxd4 4. Nxd4 a6 5. Bd3 Nf6 6. O-O Qc7 7. Qe2 d6 8. a4 Be7 9. Nc3 O-O 10. Bd2 Nbd7 11. Kh1 b6 12. f4 Bb7 13. Rf3 Rfd8 14. Rh3 Bf8 15. Nb3 g6 16. Re1 Bg7 17. Qf2 Nc5 18. Nxc5 bxc5 19. Qh4 h5 20. b3 Qc6 21. Rf3 Nd7 22. Qf2 Bd4 23. Qf1 Qb6 24. Ne2 Bg7 25. Bc3 Nf6 26. Ng1 Rac8 27. Qe2 d5 28. Bxf6 Bxf6 29. e5 Bh4 30. g3 Be7 31. Rff1 Ra8 32. Nf3 Bc6 33. h3 Qb7 34. Kh2 a5 35. Rb1 Qb4 36. f5 exf5 37. e6 f6 38. Nh4 Be8 39. Bb5 Bxb5 40. axb5 Kg7 41. Rf4 Qc3 42. Rbf1 Qe5 43. Qf2 Qxe6 44. Re1 Qf7 45. Rxf5 g5 46. Rxg5+ Kh6 47. Rxe7 1-0

[Event "Guimaraes Open 2018"]
[Site "Guimaraes"]
[Date "2018.10.05"]
[Round "2"]
[White "Fernandes, Joao Pedro Murtinho"]
[Black "Sora, Ricardo Jorge Pared"]
[Result "1-0"]
[ECO "B12"]
[WhiteElo "2052"]
[BlackElo "1356"]
[Annotator "NA RC"]
[PlyCount "45"]
[EventDate "2018.10.04"]
[EventType "swiss"]
[EventCountry "POR"]
[SourceTitle "playchess.com"]
[Source "ChessBase"]
[SourceQuality "1"]
[TimeControl "5400+30"]

1. e4 c6 2. d4 d5 3. e5 Bf5 4. h4 h6 5. g4 Be4 6. f3 Bh7 7. e6 fxe6 8. Bd3 Bxd3 9. Qxd3 Qd6 10. Ne2 Nf6 11. Bf4 Qb4+ 12. Nbc3 Nbd7 13. Qg6+ Kd8 14. O-O c5 15. Be3 cxd4 16. Nxd4 Qxb2 17. Nxe6+ Kc8 18. Bd4 b6 19. a3 Nc5 20. Rfb1 Qxa1 21. Rxa1 Nxe6 22. Qf5 Kd7 23. Re1 1-0

[Event "Guimaraes Open 2018"]
[Site "Guimaraes"]
[Date "2018.10.05"]
[Round "2"]
[White "Gawle, Ireneusz"]
[Black "Medarde Santiago, Luis Marcos"]
[Result "0-1"]
[ECO "B22"]
[WhiteElo "1800"]
[BlackElo "2341"]
[Annotator "RC"]
[PlyCount "86"]
[EventDate "2018.10.04"]
[EventType "swiss"]
[EventCountry "POR"]
[SourceTitle "playchess.com"]
[Source "ChessBase"]
[SourceQuality "1"]
[TimeControl "5400+30"]

1. e4 c5 2. c3 Nf6 3. e5 Nd5 4. d4 cxd4 5. Nf3 e6 6. cxd4 b6 7. Bd3 Ba6 8. O-O Bxd3 9. Qxd3 Be7 10. Nc3 Nxc3 11. bxc3 d5 12. exd6 Qxd6 13. Ne5 O-O 14. Bf4 Qd5 15. c4 Qb7 16. Rfe1 Nd7 17. Rad1 Rfd8 18. Qh3 Nf8 19. d5 exd5 20. Qf3 Bb4 21. Bd2 Bxd2 22. Rxd2 Re8 23. cxd5 Rac8 24. Nd3 Ng6 25. Rxe8+ Rxe8 26. h3 Qc7 27. g3 Qd6 28. Kg2 Rd8 29. Nf4 Nxf4+ 30. Qxf4 Qxf4 31. gxf4 Kf8 32. Kf3 Ke7 33. Ke4 Rc8 34. Kd4 Kd6 35. a4 Rc5 36. Ke4 Rc4+ 37. Rd4 Rxd4+ 38. Kxd4 f5 39. h4 g6 40. Kc4 a6 41. f3 h6 42. Kd4 b5 43. axb5 axb5 0-1

[Event "Guimaraes Open 2018"]
[Site "Guimaraes"]
[Date "2018.10.06"]
[Round "3"]
[White "Medarde Santiago, Luis Marcos"]
[Black "Dias, Ricardo Pedro Cruz"]
[Result "1-0"]
[ECO "C54"]
[WhiteElo "2341"]
[BlackElo "2098"]
[Annotator "RC"]
[PlyCount "89"]
[EventDate "2018.10.04"]
[EventType "swiss"]
[EventCountry "POR"]
[SourceTitle "playchess.com"]
[Source "ChessBase"]
[SourceQuality "1"]
[TimeControl "5400+30"]

1. e4 e5 2. Nf3 Nc6 3. Bc4 Bc5 4. c3 Nf6 5. d4 exd4 6. e5 d5 7. Bb5 Ne4 8. cxd4 Bb4+ 9. Bd2 Be7 10. Qc2 O-O 11. O-O Bg4 12. Be3 f6 13. Bxc6 bxc6 14. Ne1 Bf5 15. Qxc6 Rb8 16. Nc3 Nxc3 17. Qxc3 Bb4 18. Qc1 Bxe1 19. Rxe1 Qd7 20. Bf4 fxe5 21. Bxe5 Rf7 22. b3 Re8 23. Re3 Re6 24. Rg3 h6 25. Qa3 c6 26. Rc1 Qb7 27. Qa4 Re8 28. Rc5 Bd7 29. Qa5 Qb6 30. h3 Re6 31. f4 Kh7 32. Qc3 Re8 33. Qc2+ Kg8 34. Qg6 Re6 35. Qc2 Re8 36. Kh2 Qa6 37. Qg6 Re6 38. Qh5 Qf1 39. f5 Rxe5 40. dxe5 Qxf5 41. Qxf5 Rxf5 42. e6 Bxe6 43. Rxc6 Bf7 44. Rc7 a6 45. Rf3 1-0

[Event "Guimaraes Open 2018"]
[Site "Guimaraes"]
[Date "2018.10.06"]
[Round "3"]
[White "Silva, Goncalo Nuno Neto P"]
[Black "Soares, Sara Joana De Moura"]
[Result "1-0"]
[ECO "C50"]
[WhiteElo "1996"]
[BlackElo "1431"]
[Annotator "NA RC"]
[PlyCount "57"]
[EventDate "2018.10.04"]
[EventType "swiss"]
[EventCountry "POR"]
[SourceTitle "playchess.com"]
[Source "ChessBase"]
[SourceQuality "1"]
[TimeControl "5400+30"]

1. e4 e5 2. Nf3 Nc6 3. Bc4 Bc5 4. O-O Nf6 5. d3 d6 6. h3 h6 7. c3 a6 8. d4 exd4 9. cxd4 Ba7 10. Nc3 O-O 11. Bb3 Re8 12. Re1 b5 13. a3 Bb7 14. Bc2 Qd7 15. Bf4 Rad8 16. Qd3 Ne7 17. e5 dxe5 18. Bxe5 Ng6 19. Bxf6 gxf6 20. Rxe8+ Rxe8 21. Rd1 Qc6 22. h4 h5 23. d5 Qc5 24. Ne4 Qe7 25. Ng3 Qc5 26. Rd2 Qd6 27. Nxh5 Rd8 28. Qf5 Bc8 29. Nxf6+ 1-0

[Event "Guimaraes Open 2018"]
[Site "Guimaraes"]
[Date "2018.10.06"]
[Round "3"]
[White "Machado, Tomas Dias"]
[Black "Peixoto, Flavio Pimenta"]
[Result "1-0"]
[ECO "B32"]
[WhiteElo "1966"]
[BlackElo "1464"]
[Annotator "NA RC"]
[PlyCount "135"]
[EventDate "2018.10.04"]
[EventType "swiss"]
[EventCountry "POR"]
[SourceTitle "playchess.com"]
[Source "ChessBase"]
[SourceQuality "1"]
[TimeControl "5400+30"]

1. e4 c5 2. Nf3 Nc6 3. d4 cxd4 4. Nxd4 g6 5. Bc4 Bg7 6. Nxc6 bxc6 7. O-O d6 8. Re1 Qb6 9. Bb3 a5 10. a4 Nf6 11. h3 O-O 12. Nc3 Be6 13. Be3 Qb7 14. Ra3 Rad8 15. Re2 Rd7 16. Rd2 Rfd8 17. f4 d5 18. e5 Ne8 19. g4 Nc7 20. Ba2 Na6 21. Bb3 c5 22. f5 gxf5 23. gxf5 Bxf5 24. Bxd5 Qb8 25. Qf1 Qxe5 26. Bf4 Qf6 27. Rb3 Nb4 28. Qg2 Bxc2 29. Bg5 Qg6 30. Be4 Bxe4 31. Nxe4 Rxd2 32. Nxd2 h6 33. Be3 Qxg2+ 34. Kxg2 Rd3 35. Rxd3 Nxd3 36. Nc4 Nxb2 37. Nxb2 Bxb2 38. Bxc5 e5 39. Be3 Kg7 40. Bd2 Kg6 41. Bxa5 Bd4 42. Bc7 Kf5 43. a5 Ke6 44. a6 Kd7 45. Bxe5 Bc5 46. Bf4 h5 47. Kf3 Kc6 48. Be3 Bxe3 49. Kxe3 Kb6 50. Kf4 Kxa6 51. Kg5 Kb6 52. Kxh5 Kc6 53. h4 Kd6 54. Kh6 Ke5 55. Kg5 f6+ 56. Kg6 f5 57. h5 f4 58. h6 Ke4 59. h7 Ke3 60. h8=Q f3 61. Qe5+ Kd2 62. Qf4+ Ke2 63. Qe4+ Kf2 64. Kg5 Kg3 65. Qg4+ Kf2 66. Kf4 Kf1 67. Qxf3+ Kg1 68. Qe2 1-0

[Event "Guimaraes Open 2018"]
[Site "Guimaraes"]
[Date "2018.10.06"]
[Round "3"]
[White "Cimpean, Andra"]
[Black "Saran Vikash Velumani"]
[Result "1-0"]
[ECO "C42"]
[WhiteElo "1867"]
[BlackElo "1464"]
[Annotator "NA RC"]
[PlyCount "179"]
[EventDate "2018.10.04"]
[EventType "swiss"]
[EventCountry "POR"]
[SourceTitle "playchess.com"]
[Source "ChessBase"]
[SourceQuality "1"]
[TimeControl "5400+30"]

1. e4 e5 2. Nf3 Nf6 3. Nxe5 d6 4. Nf3 Nxe4 5. d3 Nf6 6. d4 d5 7. Be2 Bd6 8. O-O h6 9. Re1 O-O 10. Nbd2 Bf5 11. Nf1 c6 12. Ng3 Bh7 13. Bd3 Na6 14. c3 Nc7 15. Nf5 Ne6 16. Nxd6 Qxd6 17. Ne5 Bxd3 18. Qxd3 a5 19. Qf3 Ne4 20. Qg4 f5 21. Qe2 f4 22. f3 N4g5 23. h4 Nf7 24. Nxc6 Rae8 25. Ne5 Nxe5 26. Qxe5 Qd8 27. Bd2 Ng5 28. hxg5 Rxe5 29. Rxe5 hxg5 30. Rae1 b5 31. Re7 Kh7 32. R1e5 Kg6 33. R5e6+ Rf6 34. Re5 Qc8 35. Rxd5 Re6 36. Re5 Rxe7 37. Rxe7 Qc4 38. Re5 Qxa2 39. Rxb5 Qb1+ 40. Kf2 a4 41. Rb4 Qd3 42. Ke1 Qa6 43. d5 a3 44. bxa3 Qxa3 45. d6 Qa1+ 46. Kf2 Qd1 47. Rd4 g4 48. fxg4 Qxg4 49. Bxf4 Qd7 50. c4 Qa7 51. Be3 Qd7 52. g4 Qf7+ 53. Ke2 Qd7 54. c5 Qb5+ 55. Rd3 Qb2+ 56. Rd2 Qb5+ 57. Kf2 Qd7 58. Kg3 Qe6 59. Kf3 Qf7+ 60. Kg3 Qe6 61. Kf3 Qf7+ 62. Kg2 Qb7+ 63. Kg3 Qe4 64. Re2 Qe5+ 65. Kf3 Qf6+ 66. Kg2 Qe5 67. Kf2 Qh2+ 68. Ke1 Qh1+ 69. Kd2 Qd5+ 70. Kc3 Qe5+ 71. Kd3 Qd5+ 72. Bd4 Qb3+ 73. Kd2 Qb4+ 74. Ke3 Qb3+ 75. Ke4 Qe6+ 76. Kf3 Qb3+ 77. Kf2 Qd5 78. Be3 Qf7+ 79. Kg3 Qd5 80. Rd2 Qe5+ 81. Kf3 Qf6+ 82. Ke2 Qh4 83. Rd4 Qh2+ 84. Kd3 Qg2 85. d7 Qf1+ 86. Kc3 Qe1+ 87. Bd2 Qa1+ 88. Kd3 Qa3+ 89. Bc3 Qa6+ 90. Rc4 1-0

[Event "Guimaraes Open 2018"]
[Site "Guimaraes"]
[Date "2018.10.06"]
[Round "3"]
[White "Silva, Pedro Gil Ferreira "]
[Black "Sarabando, Rodrigo Andias"]
[Result "1-0"]
[ECO "B46"]
[WhiteElo "1837"]
[BlackElo "1462"]
[Annotator "NA RC"]
[PlyCount "93"]
[EventDate "2018.10.04"]
[EventType "swiss"]
[EventCountry "POR"]
[SourceTitle "playchess.com"]
[Source "ChessBase"]
[SourceQuality "1"]
[TimeControl "5400+30"]

1. e4 c5 2. Nf3 e6 3. d4 cxd4 4. Nxd4 Nc6 5. Nc3 a6 6. g3 Qc7 7. Bg2 Be7 8. O-O Nf6 9. Re1 d6 10. Nxc6 bxc6 11. e5 dxe5 12. Rxe5 O-O 13. Bf4 Bd6 14. Rxe6 Bxf4 15. Rxc6 Qe7 16. Rxf6 Qxf6 17. Bxa8 Be5 18. Qf3 Qb6 19. Na4 Qd4 20. Qe4 Bd7 21. Nc3 Qc5 22. Qd5 Qc7 23. Qb7 Qxb7 24. Bxb7 Rb8 25. Bxa6 h6 26. Re1 Bf6 27. Ne4 Rxb2 28. Nxf6+ gxf6 29. Bc4 Bc6 30. Bb3 Kg7 31. f4 Kf8 32. Kf2 f5 33. Ke3 Be4 34. Kd2 Bxc2 35. Bxc2 Rxa2 36. Re5 Ra1 37. Rxf5 Rh1 38. Rh5 Kg7 39. Be4 Ra1 40. Ke2 Ra3 41. Rc5 Rb3 42. Rc7 Rb2+ 43. Kf3 Rb8 44. Bd5 Rf8 45. Rxf7+ Rxf7 46. Bxf7 Kxf7 47. Kg4 1-0

[Event "Guimaraes Open 2018"]
[Site "Guimaraes"]
[Date "2018.10.06"]
[Round "3"]
[White "Guimaraes, Alvaro Jose Esperan"]
[Black "Lopes, Pedro Afonso Pinto"]
[Result "1-0"]
[ECO "A00"]
[WhiteElo "1801"]
[BlackElo "1457"]
[Annotator "NA RC"]
[PlyCount "99"]
[EventDate "2018.10.04"]
[EventType "swiss"]
[EventCountry "POR"]
[SourceTitle "playchess.com"]
[Source "ChessBase"]
[SourceQuality "1"]
[TimeControl "5400+30"]

1. g3 d5 2. Bg2 Nf6 3. d3 e5 4. c4 c6 5. cxd5 cxd5 6. Nf3 Nc6 7. O-O Be7 8. a3 O-O 9. Bg5 Be6 10. Nc3 d4 11. Bxf6 Bxf6 12. Ne4 Be7 13. Rc1 Rb8 14. b4 a6 15. Nc5 Bd5 16. Nd2 f5 17. Bxd5+ Qxd5 18. Qb3 Qxb3 19. Ndxb3 Rfe8 20. Rc4 b5 21. Rc2 Rec8 22. Rfc1 Bg5 23. Nxa6 Rb6 24. Nac5 Bxc1 25. Rxc1 Ne7 26. e4 fxe4 27. dxe4 Rbc6 28. Rd1 R8c7 29. f4 Ng6 30. f5 Nf8 31. Kf2 Nd7 32. Ke2 Nxc5 33. Nxc5 Ra7 34. Ra1 Rc8 35. Nb3 Rc2+ 36. Nd2 Rc3 37. Nb1 Rb3 38. Kf2 Rxb4 39. Nd2 Rba4 40. Rb1 b4 41. axb4 Rb7 42. b5 Ra5 43. b6 Rc5 44. Rb4 Kf7 45. g4 Ke7 46. g5 Kd6 47. Kf3 Kc6 48. Nc4 Rb5 49. Rxb5 Kxb5 50. Nd6+ 1-0

[Event "Guimaraes Open 2018"]
[Site "Guimaraes"]
[Date "2018.10.06"]
[Round "3"]
[White "Martinez Ferreira, Oscar"]
[Black "Barroso, Simao Oliveira Alvi"]
[Result "1-0"]
[ECO "A52"]
[WhiteElo "1752"]
[BlackElo "1570"]
[Annotator "NA RC"]
[PlyCount "103"]
[EventDate "2018.10.04"]
[EventType "swiss"]
[EventCountry "POR"]
[SourceTitle "playchess.com"]
[Source "ChessBase"]
[SourceQuality "1"]
[TimeControl "5400+30"]

1. d4 Nf6 2. c4 e5 3. dxe5 Ng4 4. Nf3 Nc6 5. Nc3 Ngxe5 6. e3 Bb4 7. Bd2 d6 8. a3 Ba5 9. Nxe5 Nxe5 10. Qa4+ Nc6 11. b4 Bb6 12. Nd5 Bd7 13. Nxb6 axb6 14. Qc2 Qg5 15. g3 O-O 16. Bg2 Ra7 17. O-O Re8 18. Bc3 Qg6 19. Qxg6 hxg6 20. Bb2 Ne5 21. Bxe5 Rxe5 22. Rfc1 Bc6 23. Rc3 Bxg2 24. Kxg2 f5 25. h4 Kf7 26. Rd1 Ke6 27. f4 Re4 28. Rd4 c6 29. Rcd3 Rxd4 30. exd4 d5 31. Re3+ Kd6 32. c5+ bxc5 33. dxc5+ Kd7 34. Kf3 Ra8 35. Ke2 Re8 36. Rxe8 Kxe8 37. Kd3 Kd7 38. Kd4 Kc7 39. a4 Kb8 40. b5 Ka7 41. Ke5 Kb8 42. b6 Kc8 43. a5 Kd7 44. h5 gxh5 45. Kxf5 g6+ 46. Ke5 Kc8 47. f5 gxf5 48. Kxf5 Kd7 49. Kg5 Kc8 50. Kxh5 d4 51. Kg4 d3 52. Kf3 1-0

[Event "Guimaraes Open 2018"]
[Site "Guimaraes"]
[Date "2018.10.06"]
[Round "3"]
[White "Ribeiro, Gustavo Martins San"]
[Black "Barbosa, Paulo Jorge Pereira"]
[Result "0-1"]
[ECO "B27"]
[WhiteElo "1467"]
[BlackElo "1982"]
[Annotator "NA RC"]
[PlyCount "72"]
[EventDate "2018.10.04"]
[EventType "swiss"]
[EventCountry "POR"]
[SourceTitle "playchess.com"]
[Source "ChessBase"]
[SourceQuality "1"]
[TimeControl "5400+30"]

1. e4 c5 2. Nf3 g6 3. c3 d5 4. exd5 Qxd5 5. d4 Nf6 6. Be3 cxd4 7. cxd4 Bg7 8. Nc3 Qa5 9. Bc4 O-O 10. O-O a6 11. Ne5 e6 12. g4 b5 13. Bb3 Bb7 14. h4 Nbd7 15. f4 Nxe5 16. fxe5 Nd5 17. Nxd5 Bxd5 18. Bxd5 exd5 19. Qf3 Qd8 20. Bg5 Qd7 21. Kh2 Rac8 22. Rac1 Qe6 23. Bf6 Bxf6 24. exf6 Qd6+ 25. Qg3 Qb4 26. Qf2 Qd6+ 27. Qg3 Qb4 28. Qf2 Rfe8 29. Rfe1 Qd6+ 30. Qg3 Qxf6 31. Rxc8 Rxc8 32. Rd1 Rc2+ 33. Kh3 h5 34. Rb1 Rf2 35. Qe5 Qf3+ 36. Qg3 hxg4# 0-1

[Event "Guimaraes Open 2018"]
[Site "Guimaraes"]
[Date "2018.10.06"]
[Round "3"]
[White "Ribeiro, Orlando Camilo Duar"]
[Black "Bazan Solera, Manuel"]
[Result "0-1"]
[ECO "B00"]
[WhiteElo "1461"]
[BlackElo "1932"]
[Annotator "NA RC"]
[PlyCount "114"]
[EventDate "2018.10.04"]
[EventType "swiss"]
[EventCountry "POR"]
[SourceTitle "playchess.com"]
[Source "ChessBase"]
[SourceQuality "1"]
[TimeControl "5400+30"]

1. e4 d6 2. d4 g6 3. Nf3 Nf6 4. Bd3 Bg7 5. Bf4 O-O 6. c3 c5 7. h3 cxd4 8. cxd4 Nc6 9. Be3 Nb4 10. Nc3 Nxd3+ 11. Qxd3 Qa5 12. O-O b6 13. Rfe1 Ba6 14. Qd2 Bb7 15. Bh6 Bxh6 16. Qxh6 Qh5 17. Qxh5 Nxh5 18. Rac1 Nf4 19. Re3 Rac8 20. g3 Ne6 21. Rd1 Rfe8 22. e5 Bxf3 23. Rxf3 Ng5 24. Re3 Nxh3+ 25. Kg2 Ng5 26. exd6 exd6 27. Rxe8+ Rxe8 28. Nb5 d5 29. Nxa7 Ra8 30. Nc6 Rxa2 31. Ne7+ Kf8 32. Nxd5 Rxb2 33. Nc3 b5 34. d5 b4 35. Na4 Ra2 36. Nc5 Rc2 37. Nd3 b3 38. d6 Ke8 39. d7+ Kd8 40. Nb4 Rc7 41. Na6 Rxd7 42. Rxd7+ Kxd7 43. Nc5+ Kd6 44. Nxb3 Kd5 45. Nd2 Ne4 46. Nf3 f6 47. Nh2 h5 48. Nf3 g5 49. Ng1 Kd4 50. Nh3 Kd3 51. Kg1 Ke2 52. Kg2 Nd2 53. f4 g4 54. Nf2 f5 55. Kg1 Kf3 56. Nh1 Ne4 57. Kh2 Nf2 0-1

[Event "Guimaraes Open 2018"]
[Site "Guimaraes"]
[Date "2018.10.06"]
[Round "3"]
[White "Fonseca, Pedro Miguel Ramos "]
[Black "Pipiras, Filipa Fortuna"]
[Result "0-1"]
[ECO "B10"]
[WhiteElo "1437"]
[BlackElo "1803"]
[Annotator "NA RC"]
[PlyCount "86"]
[EventDate "2018.10.04"]
[EventType "swiss"]
[EventCountry "POR"]
[SourceTitle "playchess.com"]
[Source "ChessBase"]
[SourceQuality "1"]
[TimeControl "5400+30"]

1. e4 c6 2. Nc3 d5 3. Nf3 dxe4 4. Nxe4 Nf6 5. Nxf6+ exf6 6. d4 Bd6 7. Bc4 O-O 8. O-O Nd7 9. c3 Qa5 10. Be3 Re8 11. Re1 Nf8 12. a4 Bb8 13. b4 Qc7 14. g3 Qd8 15. Qd2 Bg4 16. Nh4 g5 17. Ng2 Bf3 18. Be2 Be4 19. f3 Bf5 20. f4 h6 21. Bd3 Be6 22. Qd1 Qd7 23. Qh5 Kg7 24. Qf3 g4 25. Qf1 f5 26. Qe2 Ng6 27. b5 h5 28. bxc6 bxc6 29. c4 h4 30. Nxh4 Nxh4 31. gxh4 Rh8 32. Qb2 f6 33. Qf2 Bc7 34. d5 cxd5 35. cxd5 Bxd5 36. Bxa7 Ba5 37. Bc5 Bxe1 38. Rxe1 Rhe8 39. Rxe8 Rxe8 40. Bb5 Bc6 41. Bxc6 Qxc6 42. Qc2 Rc8 43. Qxf5 Qxc5+ 0-1

[Event "Guimaraes Open 2018"]
[Site "Guimaraes"]
[Date "2018.10.06"]
[Round "3"]
[White "Pinheiro, Paulo Fialho"]
[Black "Gawle, Ireneusz"]
[Result "0-1"]
[ECO "C55"]
[WhiteElo "1410"]
[BlackElo "1800"]
[Annotator "NA RC"]
[PlyCount "42"]
[EventDate "2018.10.04"]
[EventType "swiss"]
[EventCountry "POR"]
[SourceTitle "playchess.com"]
[Source "ChessBase"]
[SourceQuality "1"]
[TimeControl "5400+30"]

1. e4 e5 2. Bc4 Nf6 3. d4 exd4 4. Nf3 Nc6 5. Bg5 h6 6. e5 hxg5 7. Nxg5 Nxe5 8. Qxd4 Nxc4 9. Qxc4 d5 10. Qb3 Bd6 11. h3 Ng4 12. Nf3 Qe7+ 13. Kf1 c6 14. Nbd2 Be6 15. Re1 O-O-O 16. c4 Qc7 17. Nd4 dxc4 18. Nxc4 Bxc4+ 19. Qxc4 Nxf2 20. Kxf2 Bg3+ 21. Kf1 Qf4+ 0-1

[Event "Guimaraes Open 2018"]
[Site "Guimaraes"]
[Date "2018.10.06"]
[Round "4"]
[White "Dias, Ricardo Pedro Cruz"]
[Black "Calzada Cruz, Osvaldo"]
[Result "1-0"]
[ECO "B10"]
[WhiteElo "2098"]
[BlackElo "1752"]
[Annotator "NA RC"]
[PlyCount "55"]
[EventDate "2018.10.04"]
[EventType "swiss"]
[EventCountry "POR"]
[SourceTitle "playchess.com"]
[Source "ChessBase"]
[SourceQuality "1"]
[TimeControl "5400+30"]

1. e4 c6 2. c4 d5 3. exd5 cxd5 4. cxd5 Nf6 5. Nc3 Nxd5 6. Nf3 g6 7. Bc4 Nxc3 8. bxc3 Bg7 9. O-O O-O 10. d4 Qc7 11. Qb3 Nc6 12. Be2 Na5 13. Qb4 Nc6 14. Qa3 b6 15. Be3 Na5 16. Nd2 Bb7 17. Rac1 Rfd8 18. f4 Qc6 19. Rf2 Qe6 20. Nf1 Rac8 21. f5 gxf5 22. Bg5 f6 23. Bd2 Be4 24. Ng3 Nc4 25. Bxc4 Rxc4 26. Re1 Kf7 27. Nxf5 Rc7 28. Ng3 1-0

[Event "Guimaraes Open 2018"]
[Site "Guimaraes"]
[Date "2018.10.06"]
[Round "4"]
[White "Fernandes, Joao Pedro Murtinho"]
[Black "Barrento, Jorge Maria Lopes"]
[Result "1-0"]
[ECO "B03"]
[WhiteElo "2052"]
[BlackElo "1696"]
[Annotator "NA RC"]
[PlyCount "59"]
[EventDate "2018.10.04"]
[EventType "swiss"]
[EventCountry "POR"]
[SourceTitle "playchess.com"]
[Source "ChessBase"]
[SourceQuality "1"]
[TimeControl "5400+30"]

1. e4 Nf6 2. e5 Nd5 3. d4 d6 4. c4 Nb6 5. exd6 exd6 6. Nf3 Be7 7. h3 Nc6 8. d5 Ne5 9. Nxe5 dxe5 10. Be2 O-O 11. O-O Bg5 12. Nc3 Bxc1 13. Rxc1 Qh4 14. Qd3 f5 15. c5 Nd7 16. d6 cxd6 17. cxd6 Kh8 18. Nd5 e4 19. Qd4 b6 20. Rc7 Qh6 21. Ne7 Nc5 22. Bc4 Ne6 23. Qd5 Nf4 24. Qxa8 Nxh3+ 25. gxh3 Qxh3 26. Be2 Qh4 27. Nxf5 Qg5+ 28. Ng3 e3 29. Rxc8 exf2+ 30. Kg2 1-0

[Event "Guimaraes Open 2018"]
[Site "Guimaraes"]
[Date "2018.10.06"]
[Round "4"]
[White "Fidalgo, Daniel Neves"]
[Black "Monteiro, Paulo Alexandre Gom"]
[Result "1/2-1/2"]
[ECO "A34"]
[WhiteElo "1994"]
[BlackElo "1602"]
[Annotator "NA RC"]
[PlyCount "149"]
[EventDate "2018.10.04"]
[EventType "swiss"]
[EventCountry "POR"]
[SourceTitle "playchess.com"]
[Source "ChessBase"]
[SourceQuality "1"]
[TimeControl "5400+30"]

1. c4 Nf6 2. Nc3 c5 3. g3 g6 4. Bg2 Bg7 5. e4 Nc6 6. Nge2 O-O 7. O-O d6 8. d3 a6 9. Bd2 Rb8 10. Rc1 b5 11. b3 b4 12. Nb1 Ne8 13. h3 Nc7 14. f4 Ne6 15. g4 Ned4 16. Ng3 a5 17. Be3 a4 18. Nd2 axb3 19. axb3 Ra8 20. Ne2 Nxe2+ 21. Qxe2 Nd4 22. Qd1 Ra2 23. Nf3 Ne2+ 24. Kh1 Nc3 25. Rxc3 bxc3 26. d4 c2 27. Qd3 Bb7 28. Rc1 Qa8 29. d5 Qa3 30. Rxc2 Rxc2 31. Qxc2 Qa1+ 32. Kh2 Qc3 33. Qe2 Qxb3 34. e5 Ra8 35. f5 Ra2 36. Bd2 dxe5 37. Ng5 Qc2 38. Ne4 Ba6 39. f6 Bf8 40. Qe3 Qxc4 41. fxe7 Bxe7 42. Qh6 Rxd2 43. Qxd2 Qe2 44. Qxe2 Bxe2 45. d6 Bd8 46. Nxc5 Bb5 47. Bd5 Kf8 48. Kg3 Ke8 49. Kf3 Bb6 50. Ne4 Bd8 51. Nc3 Bd7 52. Ke4 Bf6 53. Na2 Bg7 54. g5 Bf5+ 55. Ke3 Bf8 56. Nc3 Bxd6 57. Ne4 Be7 58. h4 Be6 59. Bc6+ Bd7 60. Bd5 Kf8 61. Nf6 Bxf6 62. gxf6 Be6 63. Bc6 Bf5 64. Ba4 h6 65. Kf3 g5 66. hxg5 hxg5 67. Bc6 Kg8 68. Be8 e4+ 69. Kg3 Be6 70. Bc6 Bf5 71. Be8 Kf8 72. Bc6 Kg8 73. Be8 Bg6 74. Kg4 e3 75. Bb5 1/2-1/2

[Event "Guimaraes Open 2018"]
[Site "Guimaraes"]
[Date "2018.10.06"]
[Round "4"]
[White "Barbosa, Paulo Jorge Pereira"]
[Black "Lemos, Artur Jorge Capela "]
[Result "1-0"]
[ECO "A15"]
[WhiteElo "1982"]
[BlackElo "1598"]
[Annotator "NA RC"]
[PlyCount "45"]
[EventDate "2018.10.04"]
[EventType "swiss"]
[EventCountry "POR"]
[SourceTitle "playchess.com"]
[Source "ChessBase"]
[SourceQuality "1"]
[TimeControl "5400+30"]

1. c4 Nf6 2. g3 g6 3. Bg2 Bg7 4. Nc3 O-O 5. e4 d6 6. Nge2 e5 7. O-O Be6 8. d3 Nbd7 9. b4 c6 10. Rb1 h6 11. b5 cxb5 12. Rxb5 b6 13. f4 Nc5 14. Rb1 Qd7 15. fxe5 dxe5 16. Nd5 Nxd5 17. exd5 Bh3 18. Be3 Bxg2 19. Kxg2 Nb7 20. Nc3 Nd6 21. Qa4 Qxa4 22. Nxa4 e4 23. Bf4 1-0